 Dungeon Sprint DCSS version 0.30.1-9-gdf580d7c3d (webtiles) character file.

Game seed: 7390332667110649468

1080 Heoruswealwe the Spear-Bearer (level 8, -3/82 HPs)
             Began as a Minotaur Fighter on Sept 25, 2023.
             Was an Initiate of Gozag.
             Slain by a hornet (12 damage)
             ... while paralysed by a hornet
             ... in the Dungeon (Sprint IX: "|||||||||||||||||||||||||||||").
             The game lasted 00:04:02 (207 turns).

Heoruswealwe the Spear-Bearer (Minotaur Fighter)     Turns: 207, Time: 00:04:04

Health: -3/82      AC: 11    Str: 24    XL:     8   Next: 8%
Magic:  7/7        EV:  2    Int:  5    God:    Gozag
Gold:   0          SH:  0    Dex:  9    Spells: 7/7 levels left

rFire   . . .        l - +7 lajatang of Order {silver, rMut}
rCold   . . .        (shield currently unavailable)
rNeg    . . .        c - +1 scale mail
rPois   .            (helmet restricted)
rElec   .            (no cloak)
rCorr   .            (no gloves)
SInv    .            e - +0 pair of boots
Will    .....        (no amulet) Stlth
                     (no ring)
HPRegen 0.33/turn    (no ring)
MPRegen 0.10/turn

%: no teleportation, resist mutation
@: paralysed, lethally poisoned (-3 -> -13), gold aura, slowed
A: horns 2, retaliatory headbutt
a: Renounce Religion, Potion Petition, Call Merchant, Bribe Branch


You were in the Dungeon.
You worshipped Gozag.
Gozag was noncommittal.
You visited 1 branch

Inventory:

Hand Weapons
 a - a +0 trident
 b - a +2 heavy halberd
 l - the +7 lajatang of Order (weapon) {silver, rMut}
   (You found it in the Dungeon)

   rMut:      It protects you from mutation.
Armour
 c - a +1 scale mail (worn)
 d - a +0 buckler
 e - a +0 pair of boots (worn)
Wands
 i - a wand of roots (10)
Scrolls
 j - 2 scrolls of blinking
Potions
 f - a potion of invisibility
 g - a potion of haste
 k - a potion of might
 m - 5 potions of curing


   Skills:
 + Level 11.2 Fighting
 * Level 14.9 Polearms
 + Level 11.2 Armour
 - Level 3.6 Shields


You had 7 spell levels left.
You didn't know any spells.
Your spell library was empty.

Dungeon Overview and Level Annotations

Branches:
Dungeon (1/1)

Altars:
Cheibriados
Dithmenos
Elyvilon
Fedhas
Gozag
Hepliaklqana
Kikubaaqudgha
Makhleb
Nemelex Xobeh
Okawaru
Qazlal
Ru
Sif Muna
Trog
Uskayaw
Vehumet
Wu Jian
Xom
Yredelemnul
Zin
The Shining One
Jiyva
Lugonu


Innate Abilities, Weirdness & Mutations

You have a pair of horns on your head.
You reflexively headbutt those who attack you in melee.


Message History

The troll is lightly wounded.
The troll barely misses you. You furiously retaliate!
You headbutt the troll! The troll claws you!
The troll claws you but does no damage.
You closely miss the troll.
The troll is moderately wounded.
The troll bites you but does no damage. The troll claws you but does no damage.
The troll completely misses you.
You closely miss the troll.
The troll is moderately wounded.
You slice the troll!!
You kill the troll!
The troll is no longer distracted by gold.
Your Fighting skill increases to level 11!
Your Armour skill increases to level 11!
You have reached level 8!
You feel stronger.
You closely miss the hornet. Your headbutt misses the hornet.
The hornet is distracted by your dazzling golden aura.
You hit the hornet.
The hornet is no longer distracted by gold.
Your headbutt misses the hornet.
The hornet is lightly wounded.
The hornet stings you but does no damage.
The troll is distracted by your dazzling golden aura.
The hornet stings you.
You feel yourself slow down.
You slash the hornet!
The hornet is moderately wounded.
The hornet stings you!
* * * LOW HITPOINT WARNING * * *
You feel as though you will be slow longer.
The hornet stings you but does no damage.
You miss the hornet.
The hornet is moderately wounded.
The troll is no longer distracted by gold.
The hornet stings you!
* * * LOW HITPOINT WARNING * * *
You are lethally poisoned!
You suddenly lose the ability to move!
The hornet stings you!
You die...
Your body crumbles into a pile of gold. $$$$$$ $$$$$ $ $ $ $$$$$ $ $ $ ▓▓▓▓▓▓▓▓▓▓▓▓▓▓▓▓▓▓▓▓▓▓▓▓ _______'!?)[.[.=@yT..... ▓▓▓▓▓▓▓▓▓▓▓▓▓▓▓▓▓▓▓▓▓▓▓▓

You could see a troll and a hornet.

Vanquished Creatures
  4 trolls (D)
  A black bear (D)
  A scorpion (D)
  2 hounds (D)
  An adder (D)
  A giant cockroach (D)
  A goblin (D)
  A bat (D)
  A kobold (D)
  A rat (D)
14 creatures vanquished.

Notes
Turn   | Place    | Note
-------+----------+-------------------------------------------
     0 | D        | Heoruswealwe the Minotaur Fighter began the quest for the
                  | Orb.
     0 | D        | Reached XP level 1. HP: 19/19 MP: 0/0
    12 | D        | Reached skill level 3 in Polearms
    47 | D        | Noticed a black bear
    47 | D        | Noticed a hound
    47 | D        | Noticed a hound
    47 | D        | Noticed a scorpion
    58 | D        | Killed a black bear
    59 | D        | Reached skill level 7 in Polearms
    59 | D        | Reached XP level 2. HP: 16/31 MP: 1/1
    59 | D        | Reached XP level 3. HP: 20/38 MP: 2/2
    59 | D        | Reached XP level 4. HP: 24/45 MP: 3/3
    65 | D        | Reached skill level 8 in Polearms
    69 | D        | Reached XP level 5. HP: 29/51 MP: 4/4
    74 | D        | Reached skill level 9 in Polearms
    76 | D        | Reached skill level 10 in Polearms
    82 | D        | Found a snail-covered altar of Cheibriados.
    82 | D        | Found a shadowy altar of Dithmenos.
    82 | D        | Found a white marble altar of Elyvilon.
    82 | D        | Found a blossoming altar of Fedhas.
    82 | D        | Found an opulent altar of Gozag.
    83 | D        | Found a hazy altar of Hepliaklqana.
    84 | D        | Found a viscous altar of Jiyva.
    85 | D        | Found an ancient bone altar of Kikubaaqudgha.
    86 | D        | Found a corrupted altar of Lugonu.
    87 | D        | Found a burning altar of Makhleb.
    88 | D        | Found a sparkling altar of Nemelex Xobeh.
    89 | D        | Found an iron altar of Okawaru.
    90 | D        | Became a worshipper of Gozag Ym Sagoz the Greedy
    91 | D        | Found a stormy altar of Qazlal.
    92 | D        | Found a sacrificial altar of Ru.
    93 | D        | Found a shimmering blue altar of Sif Muna.
    94 | D        | Found a bloodstained altar of Trog.
    95 | D        | Found a hide-covered altar of Uskayaw.
    96 | D        | Found a radiant altar of Vehumet.
    97 | D        | Found an ornate altar of the Wu Jian Council.
    98 | D        | Found a shimmering altar of Xom.
    99 | D        | Found a basalt altar of Yredelemnul.
   100 | D        | Found a glowing silver altar of Zin.
   101 | D        | Found a glowing golden altar of the Shining One.
   109 | D        | Found the +7 lajatang of Order {silver, rMut}
   187 | D        | Noticed a troll
   187 | D        | Noticed a troll
   187 | D        | Noticed a troll
   187 | D        | Noticed a troll
   187 | D        | Noticed a hornet
   187 | D        | Noticed a troll
   191 | D        | Killed a troll
   192 | D        | Reached skill level 12 in Polearms
   192 | D        | Reached XP level 6. HP: 19/64 MP: 5/5
   195 | D        | Killed a troll
   196 | D        | Reached skill level 10 in Fighting
   196 | D        | Reached skill level 13 in Polearms
   196 | D        | Reached skill level 10 in Armour
   196 | D        | Reached XP level 7. HP: 31/72 MP: 6/6
   196 | D        | Killed a troll
   197 | D        | Reached skill level 14 in Polearms
   203 | D        | Killed a troll
   204 | D        | Reached XP level 8. HP: 33/82 MP: 7/7
   207 | D        | Paralysed by a hornet for 1 turns
   207 | D        | Slain by a hornet

Illustrated notes

Levels and vault maps discovered:
D:        linesprint [early_d, line_temple, items_1, d_10, items_2, lair_1,
          lair_end, items_3, orc_1, orc_end, items_4, d_15, swamp_1, shoals_1,
          snake_1, spider_1, d_20, vaults_1, items_5, swamp_end, shoals_end,
          snake_end, spider_end, vaults_end, d_27, items_6, zot_1, zot_end,
          crypt_end, forest_end, elf_end, slime_end, tomb_end, abyss_end,
          pan_hell_end]

Skill      XL: |  1  2  3  4  5  6  7 |
---------------+----------------------+-----
Polearms       | 7 8 12 13 14 | 14.9
Fighting       | 6 9 10 11 | 11.2
Armour         | 6 9 10 11 | 11.2
Shields        | |  3.6

Action                     |  1- 3 |  4- 6 |  7- 9 || total
---------------------------+-------+-------+-------++-------
  Melee: Trident           |    19 |    17 |       ||    36
         Headbutt          |     5 |     2 |     1 ||     8
         Lajatang          |       |     7 |    11 ||    18
    Use: Potion            |     2 |     1 |     1 ||     4
 Armour: Scale mail        |    11 |     5 |     7 ||    23
  Dodge: Dodged            |    11 |    12 |     7 ||    30
  Block: Buckler           |     5 |     3 |       ||     8
